| TOP OF THE 1ST |
|
Stockton Mariners batting - Pitching for Stockton Ports : RHP Jim Dorsey
|
|
Pitching: RHP Jim Dorsey
|
|
|
Batting: LHB Harold Perkins
|
0-0: Called Strike 0-1: Ball 1-1: Ball 2-1: SINGLE (Groundball, 34S, EV 73.8 MPH) (infield hit)
|
|
Batting: LHB Ricky Nelson
|
0-0: Ball Harold Perkins is caught stealing 2nd base 2-6 1-0: Ball 2-0: Called Strike 2-1: Ball 3-1: Ground out 4-3 (Groundball, 4D, EV 83.1 MPH)
|
|
Batting: LHB Marvin Ward
|
0-0: Ball 1-0: Ball 2-0: Ball 3-0: Called Strike 3-1: Base on Balls
|
|
Batting: LHB David Cawthon
|
0-0: Ground out U3 (Groundball, 3L, EV 85.6 MPH)
|
| Top of the 1st over - 0 runs, 1 hit, 0 errors, 1 left on base; Stockton 0 - Stockton 0 |
| BOTTOM OF THE 1ST |
|
Stockton Ports batting - Pitching for Stockton Mariners : LHP Randy Ford
|
|
Pitching: LHP Randy Ford
|
|
|
Batting: RHB Ramon Valdez
|
0-0: Ball 1-0: Ball 2-0: Bunt missed! 2-1: Swinging Strike 2-2: Fly out, F7 (Flyball, 7D, EV 76.9 MPH)
|
|
Batting: RHB Johnny Salery
|
0-0: Ball 1-0: Foul Ball, location: 2F 1-1: Fly out, F5 (Popup, 5F, EV 67.5 MPH)
|
|
Batting: RHB Pasquale Raimondo
|
0-0: Ball 1-0: SOLO HOME RUN (Flyball, 7D, EV 100.6 MPH), Distance : 387 ft
|
|
Batting: SHB Tracy Edwards
|
0-0: Ground out 6-3 (Groundball, 6, EV 84.4 MPH)
|
| Bottom of the 1st over - 1 run, 1 hit, 0 errors, 0 left on base; Stockton 0 - Stockton 1 |
| TOP OF THE 2ND |
|
Stockton Mariners batting - Pitching for Stockton Ports : RHP Jim Dorsey
|
|
Batting: LHB Joe Perna
|
0-0: Foul Ball, location: 2F 0-1: Fly out, F2 (Popup, 25F, EV 78.1 MPH)
|
|
Batting: SHB Eddie Tanner
|
0-0: Ball 1-0: Foul Ball, location: 2F 1-1: Foul Ball, location: 2F 1-2: Ball 2-2: Ball 3-2: SINGLE (Groundball, 6MD, EV 97.5 MPH)
|
|
Batting: LHB Marty Pevey
|
0-0: Ball 1-0: Ball 2-0: Called Strike 2-1: Ball 3-1: Called Strike 3-2: Strikes out swinging Eddie Tanner is caught stealing 2nd base 2-6 Batter strikes out.
|
| Top of the 2nd over - 0 runs, 1 hit, 0 errors, 0 left on base; Stockton 0 - Stockton 1 |
| BOTTOM OF THE 2ND |
|
Stockton Ports batting - Pitching for Stockton Mariners : LHP Randy Ford
|
|
Batting: SHB Jose Mercado
|
0-0: Foul Ball, location: 2F 0-1: SINGLE (Groundball, 34D, EV 111.9 MPH)
|
|
Batting: LHB Daniel Hoskins
|
0-0: Foul Ball, location: 2F 0-1: Swinging Strike 0-2: Ball 1-2: Ball 2-2: Ball 3-2: Foul Ball, location: 2F 3-2: Grounds into double play, 6-4-3 (Groundball, 6, EV 105.6 MPH)
|
|
Batting: RHB Steven Roeder
|
0-0: Ground out 6-3 (Groundball, 6S, EV 87.5 MPH)
|
| Bottom of the 2nd over - 0 runs, 1 hit, 0 errors, 0 left on base; Stockton 0 - Stockton 1 |
| TOP OF THE 3RD |
|
Stockton Mariners batting - Pitching for Stockton Ports : RHP Jim Dorsey
|
|
Batting: LHB Victor Gavidia
|
0-0: Called Strike 0-1: Reached on error, E4 (Groundball, 4, EV 99.4 MPH)
|
|
Batting: RHB Brian Greer
|
0-0: SINGLE (Line Drive, 78S, EV 101.9 MPH) Victor Gavidia to third
|
|
Batting: LHB Harold Perkins
|
0-0: Foul Ball, location: 2F 0-1: Foul Ball, location: 2F 0-2: Grounds into double play, 4-6-3 (Groundball, 4, EV 95.6 MPH) Victor Gavidia scores
|
|
Batting: LHB Ricky Nelson
|
0-0: Foul Ball, location: 2F 0-1: Fly out, F7 (Flyball, 7, EV 78.8 MPH)
|
| Top of the 3rd over - 1 run, 1 hit, 1 error, 0 left on base; Stockton 1 - Stockton 1 |
| BOTTOM OF THE 3RD |
|
Stockton Ports batting - Pitching for Stockton Mariners : LHP Randy Ford
|
|
Batting: SHB Mike Hennessy
|
0-0: Ball 1-0: Called Strike 1-1: Foul Ball, location: 2F 1-2: SINGLE (Groundball, 25, EV 68.1 MPH) (infield hit)
|
|
Batting: RHB Timothy Presko
|
0-0: Called Strike 0-1: Ball 1-1: Ball 2-1: Fly out, F8 (Line Drive, 8RM, EV 101.3 MPH)
|
|
Batting: RHB Ramon Valdez
|
0-0: Ball 1-0: Ball 2-0: Called Strike 2-1: Called Strike 2-2: Ball 3-2: Strikes out swinging Mike Hennessy steals 2nd base Batter strikes out.
|
|
Batting: RHB Johnny Salery
|
0-0: Ball 1-0: Ball 2-0: Foul Ball, location: 2F 2-1: Hit by Pitch
|
|
Pinch Runner at 1st Eddie Lee:
|
|
|
Batting: RHB Pasquale Raimondo
|
0-0: Foul Ball, location: 2F 0-1: DOUBLE (Groundball, 5L, EV 100.0 MPH) Mike Hennessy scores Eddie Lee to third Runner from 3rd tries for Home, SAFE, throw by LF to trailing runner, SAFE at third!
|
|
Batting: SHB Tracy Edwards
|
0-0: Ball 1-0: Called Strike 1-1: Ball 2-1: Ground out 6-3 (Groundball, 6, EV 83.1 MPH)
|
| Bottom of the 3rd over - 2 runs, 2 hits, 0 errors, 1 left on base; Stockton 1 - Stockton 3 |
| TOP OF THE 4TH |
|
Stockton Mariners batting - Pitching for Stockton Ports : RHP Jim Dorsey
|
|
Now in RF: Eddie Lee
|
|
|
Batting: LHB Marvin Ward
|
0-0: Ball 1-0: Swinging Strike 1-1: Foul Ball, location: 2F 1-2: Foul Ball, location: 2F 1-2: Foul Ball, location: 2F 1-2: Ball 2-2: Ball 3-2: TRIPLE (Flyball, 89XD, EV 93.1 MPH)
|
|
Batting: LHB David Cawthon
|
0-0: Ball 1-0: Foul Ball, location: 2F 1-1: Swinging Strike 1-2: Foul Ball, location: 2F 1-2: Strikes out looking
|
|
Batting: LHB Joe Perna
|
0-0: Called Strike 0-1: Ball 1-1: Foul Ball, location: 2F 1-2: Ball 2-2: Strikes out swinging
|
|
Batting: SHB Eddie Tanner
|
0-0: Foul Ball, location: 2F 0-1: Foul Ball, location: 2F 0-2: Foul Ball, location: 2F 0-2: Ball 1-2: Ground out 6-3 (Groundball, 6, EV 106.3 MPH)
|
| Top of the 4th over - 0 runs, 1 hit, 0 errors, 1 left on base; Stockton 1 - Stockton 3 |
| BOTTOM OF THE 4TH |
|
Stockton Ports batting - Pitching for Stockton Mariners : LHP Randy Ford
|
|
Batting: SHB Jose Mercado
|
0-0: Called Strike 0-1: Ball 1-1: Ball 2-1: Ball 3-1: Foul Ball, location: 2F 3-2: Strikes out swinging
|
|
Batting: LHB Daniel Hoskins
|
0-0: Foul Ball, location: 2F 0-1: Called Strike 0-2: Ball 1-2: Ground out 3-1 (Groundball, 34, EV 83.1 MPH)
|
|
Batting: RHB Steven Roeder
|
0-0: Foul Ball, location: 2F 0-1: Called Strike 0-2: Ball 1-2: Strikes out looking
|
| Bottom of the 4th over - 0 runs, 0 hits, 0 errors, 0 left on base; Stockton 1 - Stockton 3 |
| TOP OF THE 5TH |
|
Stockton Mariners batting - Pitching for Stockton Ports : RHP Jim Dorsey
|
|
Batting: LHB Marty Pevey
|
0-0: Called Strike 0-1: Ball 1-1: Ball 2-1: Swinging Strike 2-2: Ball 3-2: Foul Ball, location: 2F 3-2: Fly out, F8 (Flyball, 8LM, EV 87.5 MPH)
|
|
Batting: LHB Victor Gavidia
|
0-0: Foul Ball, location: 2F 0-1: Ground out 4-3 (Groundball, 4, EV 103.1 MPH)
|
|
Batting: RHB Brian Greer
|
0-0: Called Strike 0-1: Foul Ball, location: 2F 0-2: Ball 1-2: Ball 2-2: Strikes out swinging, 2-3 out at first.
|
| Top of the 5th over - 0 runs, 0 hits, 0 errors, 0 left on base; Stockton 1 - Stockton 3 |
| BOTTOM OF THE 5TH |
|
Stockton Ports batting - Pitching for Stockton Mariners : LHP Randy Ford
|
|
Batting: SHB Mike Hennessy
|
0-0: Ball 1-0: Ball 2-0: Called Strike 2-1: Foul Ball, location: 2F 2-2: Foul Ball, location: 2F 2-2: Foul Ball, location: 2F 2-2: Strikes out swinging
|
|
Batting: RHB Timothy Presko
|
0-0: Fly out, F9 (Line Drive, 9, EV 106.3 MPH)
|
|
Batting: RHB Ramon Valdez
|
0-0: Ball 1-0: Foul Ball, location: 2F 1-1: Ball 2-1: Foul Ball, location: 2F 2-2: Reached on error, E5 (Groundball, 56S, EV 61.3 MPH)
|
|
Batting: RHB Eddie Lee
|
0-0: Foul Ball, location: 2F 0-1: Ground out 4-3 (Groundball, 4, EV 81.9 MPH)
|
| Bottom of the 5th over - 0 runs, 0 hits, 1 error, 1 left on base; Stockton 1 - Stockton 3 |
| TOP OF THE 6TH |
|
Stockton Mariners batting - Pitching for Stockton Ports : RHP Jim Dorsey
|
|
Batting: LHB Harold Perkins
|
0-0: Ball 1-0: Ball 2-0: Fly out, F8 (Flyball, 89M, EV 96.9 MPH)
|
|
Batting: LHB Ricky Nelson
|
0-0: Swinging Strike 0-1: Called Strike 0-2: Foul Ball, location: 2F 0-2: Ball 1-2: Ball 2-2: Foul Ball, location: 2F 2-2: Ball 3-2: Base on Balls
|
|
Batting: LHB Marvin Ward
|
0-0: Foul Ball, location: 2F 0-1: Swinging Strike 0-2: Ball 1-2: Foul Ball, location: 2F 1-2: Ball Ricky Nelson steals 2nd base (no throw) 2-2: Ball 3-2: Foul Ball, location: 2F 3-2: Foul Ball, location: 2F 3-2: Base on Balls
|
|
Batting: LHB David Cawthon
|
0-0: Called Strike Ricky Nelson is caught stealing 3rd base 2-5 0-1: Foul Ball, location: 2F 0-2: Fly out, F9 (Flyball, 9S, EV 76.9 MPH)
|
| Top of the 6th over - 0 runs, 0 hits, 0 errors, 1 left on base; Stockton 1 - Stockton 3 |
| BOTTOM OF THE 6TH |
|
Stockton Ports batting - Pitching for Stockton Mariners : LHP Randy Ford
|
|
Batting: RHB Pasquale Raimondo
|
0-0: Called Strike 0-1: Ball 1-1: Foul Ball, location: 2F 1-2: Ball 2-2: Strikes out swinging
|
|
Batting: SHB Tracy Edwards
|
0-0: Called Strike 0-1: Ball 1-1: Called Strike 1-2: Fly out, F8 (Flyball, 8RD, EV 96.3 MPH)
|
|
Batting: SHB Jose Mercado
|
0-0: Called Strike 0-1: Ball 1-1: Swinging Strike 1-2: Strikes out swinging
|
| Bottom of the 6th over - 0 runs, 0 hits, 0 errors, 0 left on base; Stockton 1 - Stockton 3 |
| TOP OF THE 7TH |
|
Stockton Mariners batting - Pitching for Stockton Ports : RHP Jim Dorsey
|
|
Batting: LHB Joe Perna
|
0-0: Fly out, F8 (Flyball, 78S, EV 86.3 MPH)
|
|
Batting: SHB Eddie Tanner
|
0-0: Called Strike 0-1: Ball 1-1: Foul Ball, location: 2F 1-2: Foul Ball, location: 2F 1-2: Ball 2-2: Ball 3-2: Base on Balls
|
|
Batting: LHB Marty Pevey
|
0-0: Swinging Strike Eddie Tanner is caught stealing 2nd base 2-6 0-1: Ball 1-1: Foul Ball, location: 2F 1-2: Ground out U3 (Groundball, 3L, EV 80.0 MPH)
|
| Top of the 7th over - 0 runs, 0 hits, 0 errors, 0 left on base; Stockton 1 - Stockton 3 |
| BOTTOM OF THE 7TH |
|
Stockton Ports batting - Pitching for Stockton Mariners : LHP Randy Ford
|
|
Batting: LHB Daniel Hoskins
|
0-0: Called Strike 0-1: Ball 1-1: Swinging Strike 1-2: Foul Ball, location: 2F 1-2: Strikes out looking
|
|
Batting: RHB Steven Roeder
|
0-0: Ball 1-0: Ground out 5-3 (Groundball, 56S, EV 85.6 MPH)
|
|
Batting: SHB Mike Hennessy
|
0-0: Foul Ball, location: 2F 0-1: Swinging Strike 0-2: Fly out, F6 (Popup, 6, EV 78.8 MPH)
|
| Bottom of the 7th over - 0 runs, 0 hits, 0 errors, 0 left on base; Stockton 1 - Stockton 3 |
| TOP OF THE 8TH |
|
Stockton Mariners batting - Pitching for Stockton Ports : RHP Jim Dorsey
|
|
Batting: LHB Victor Gavidia
|
0-0: Ball 1-0: Ball 2-0: Called Strike 2-1: Ball 3-1: Called Strike 3-2: DOUBLE (Line Drive, 7LM, EV 104.4 MPH)
|
|
Batting: RHB Brian Greer
|
0-0: Called Strike 0-1: Ball 1-1: Ball 2-1: Ball 3-1: Swinging Strike 3-2: Foul Ball, location: 2F 3-2: Strikes out looking
|
|
Batting: LHB Harold Perkins
|
0-0: Ball 1-0: Ball 2-0: Called Strike 2-1: DOUBLE (Groundball, 5L, EV 103.1 MPH) Victor Gavidia scores
|
|
Batting: LHB Ricky Nelson
|
0-0: Ball 1-0: Ball 2-0: Ball 3-0: 2-RUN HOME RUN (Flyball, 9D, EV 85.6 MPH), Distance : 372 ft
|
|
Batting: LHB Marvin Ward
|
0-0: Ball 1-0: Called Strike 1-1: Ball 2-1: Ball 3-1: SOLO HOME RUN (Flyball, 9D, EV 95.0 MPH), Distance : 356 ft
|
|
Batting: LHB David Cawthon
|
0-0: Called Strike 0-1: Ground out 6-3 (Groundball, 6, EV 103.1 MPH)
|
|
Batting: LHB Joe Perna
|
0-0: Foul Ball, location: 2F 0-1: Swinging Strike 0-2: Strikes out swinging
|
| Top of the 8th over - 4 runs, 4 hits, 0 errors, 0 left on base; Stockton 5 - Stockton 3 |
| BOTTOM OF THE 8TH |
|
Stockton Ports batting - Pitching for Stockton Mariners : LHP Randy Ford
|
|
Batting: RHB Timothy Presko
|
0-0: Ball 1-0: Ball 2-0: Called Strike 2-1: Fly out, F3 (Popup, 3F, EV 69.4 MPH)
|
|
Batting: RHB Ramon Valdez
|
0-0: Ball 1-0: Swinging Strike 1-1: Fly out, F7 (Line Drive, 7D, EV 90.0 MPH)
|
|
Batting: RHB Eddie Lee
|
0-0: Called Strike 0-1: Foul Ball, location: 2F 0-2: Foul Ball, location: 2F 0-2: Ground out 1-3 (Groundball, 13S, EV 67.5 MPH)
|
| Bottom of the 8th over - 0 runs, 0 hits, 0 errors, 0 left on base; Stockton 5 - Stockton 3 |
| TOP OF THE 9TH |
|
Stockton Mariners batting - Pitching for Stockton Ports : RHP Jim Dorsey
|
|
Pitching: RHP Richard Cooper
|
|
|
Batting: SHB Eddie Tanner
|
0-0: Called Strike 0-1: Ball 1-1: Swinging Strike 1-2: Foul Ball, location: 2F 1-2: Ball 2-2: Ball 3-2: Ground out 5-3 (Groundball, 56, EV 104.4 MPH)
|
|
Batting: LHB Marty Pevey
|
0-0: Called Strike 0-1: Called Strike 0-2: Ball 1-2: Ground out 2-3 (Groundball, 2R, EV 72.5 MPH)
|
|
Batting: LHB Victor Gavidia
|
0-0: Ground out 5-3 (Groundball, 56, EV 84.4 MPH)
|
| Top of the 9th over - 0 runs, 0 hits, 0 errors, 0 left on base; Stockton 5 - Stockton 3 |
| BOTTOM OF THE 9TH |
|
Stockton Ports batting - Pitching for Stockton Mariners : LHP Randy Ford
|
|
Pitching: LHP Robert Alsup
|
|
|
Now at 1B: Duane Evans
|
|
|
Now at 2B: Paul Plinski
|
|
|
Batting: RHB Pasquale Raimondo
|
0-0: Ball 1-0: Ball 2-0: SINGLE (Line Drive, 78M, EV 103.8 MPH)
|
|
Batting: SHB Tracy Edwards
|
0-0: Ball 1-0: Ball Balk! Pasquale Raimondo to second 2-0: Ball 3-0: Called Strike 3-1: 2-RUN HOME RUN (Flyball, 78XD, EV 113.8 MPH), Distance : 399 ft
|
|
Batting: RHB Mark Jurena
|
0-0: Ball 1-0: Ball 2-0: Called Strike 2-1: Foul Ball, location: 2F 2-2: Strikes out looking
|
|
Pinch Hitting: SHB Pete Leppert
|
0-0: Fly out, F8 (Flyball, 89M, EV 90.6 MPH)
|
|
Batting: RHB Steven Roeder
|
0-0: Ball 1-0: Called Strike 1-1: Called Strike 1-2: Ball 2-2: Strikes out looking
|
| Bottom of the 9th over - 2 runs, 2 hits, 0 errors, 0 left on base; Stockton 5 - Stockton 5 |
| TOP OF THE 10TH |
|
Stockton Mariners batting - Pitching for Stockton Ports : RHP Richard Cooper
|
|
Pitching: RHP Miguel Monrroy
|
|
|
Now in LF: Erik Peterson
|
|
|
Pinch Hitting: LHB David Lanning
|
0-0: Ball 1-0: Ball 2-0: Ball 3-0: Called Strike 3-1: Ground out 4-3 (Groundball, 4, EV 83.1 MPH)
|
|
Batting: LHB Duane Evans
|
0-0: Called Strike 0-1: Ball 1-1: Ball 2-1: Ball 3-1: Called Strike 3-2: Base on Balls
|
|
Batting: LHB Ricky Nelson
|
0-0: Ball 1-0: Fielders Choice at 2nd, 4-6 (Groundball, 4, EV 102.5 MPH)
|
|
Pinch Hitting: RHB Orlando Mercado
|
0-0: Foul Ball, location: 2F 0-1: Ball 1-1: Ball 2-1: Foul Ball, location: 2F 2-2: Fly out, F6 (Popup, 6M, EV 56.9 MPH)
|
| Top of the 10th over - 0 runs, 0 hits, 0 errors, 1 left on base; Stockton 5 - Stockton 5 |
| BOTTOM OF THE 10TH |
|
Stockton Ports batting - Pitching for Stockton Mariners : LHP Robert Alsup
|
|
Now at 3B: David Lanning
|
|
|
Now in CF: Colin Sullivan
|
|
|
Batting: SHB Mike Hennessy
|
0-0: Called Strike 0-1: Ball 1-1: Ball 2-1: Ball 3-1: Called Strike 3-2: Ground out 5-3 (Groundball, 5, EV 105.6 MPH)
|
|
Batting: RHB Timothy Presko
|
0-0: Swinging Strike 0-1: Ball 1-1: Ball 2-1: Foul Ball, location: 2F 2-2: Foul Ball, location: 2F 2-2: Strikes out swinging
|
|
Batting: RHB Ramon Valdez
|
0-0: Called Strike 0-1: Swinging Strike 0-2: Ball 1-2: SINGLE (Groundball, 56D, EV 109.4 MPH)
|
|
Pitching: RHP Francisco Berenguer
|
|
|
Batting: RHB Eddie Lee
|
0-0: Ball Ramon Valdez steals 2nd base 1-0: SINGLE (Groundball, 56D, EV 99.4 MPH) Ramon Valdez to third Runner from 3rd tries for Home, SAFE, throw by LF to home
|
| Bottom of the 10th over - 1 run, 2 hits, 0 errors, 0 left on base; Stockton 5 - Stockton 6 |
|